 Dungeon Crawl Stone Soup version 0.20.1-1-g8b1a95d (webtiles) character file.

40 fili the Slasher (level 3, 0/29 HPs)
             Began as a Vampire Chaos Knight on Nov 8, 2017.
             Slain by Natasha (1 damage)
             ... on level 2 of the Dungeon on Nov 10, 2017.
             The game lasted 00:06:31 (1478 turns).

fili the Slasher (Vampire Chaos Knight)             Turns: 1478, Time: 00:06:31

Health: 0/29       AC:  5    Str: 11    XL:     3   Next: 30%
Magic:  3/3        EV: 12    Int: 15    God:    Xom [.*....]
Gold:   94         SH:  0    Dex: 13    Spells: 2/2 levels left

rFire    . . .     SeeInvis +   a - +0 falchion (chaos)
rCold    . . .     Gourm    .   (no shield)
rNeg     + . .     Faith    .   m - +2 leather armour
rPois    .         Spirit   .   (no helmet)
rElec    .         Reflect  .   (no cloak)
rCorr    .         Harm     .   (no gloves)
MR       .....                  (no boots)
Stlth    ++........             (no amulet)
Regen    0.1/turn               (no ring)
MPRegen  0.1/turn               (no ring)

@: cleaving
A: fangs 3, see invisible, unbreathing
a: Bat Form, Renounce Religion


You were on level 2 of the Dungeon.
You worshipped Xom.
You were a plaything of Xom.
You were not thirsty.

You visited 1 branch of the dungeon, and saw 2 of its levels.

You collected 94 gold pieces.

Inventory:

Hand Weapons
 a - a +0 falchion of chaos (weapon)
 b - a +0 hunting sling
 e - a +4 short sword
Missiles
 d - 84 stones (quivered)
Armour
 m - a +2 leather armour (worn)
Jewellery
 c - an uncursed ring of resist corrosion {unknown}
Scrolls
 g - a scroll of fog {unknown}
 h - 3 scrolls of identify {unknown}
 i - a scroll of remove curse {unknown}
 j - 2 scrolls of recharging {unknown}
 n - a scroll of fear {unknown}
 o - a scroll of immolation {unknown}
Potions
 f - a potion of brilliance {unknown}
 k - a potion of curing {unknown}
 l - a potion of mutation {unknown}
 p - a potion of lignification {unknown}
 q - 3 potions of blood


   Skills:
 + Level 3.1 Fighting
 * Level 3.4 Long Blades
 - Level 0.7 Armour
 + Level 2.6 Dodging
 + Level 2.4 Stealth


You had 2 spell levels left.
You didn't know any spells.

Dungeon Overview and Level Annotations

Branches:
Dungeon (2/15)

Altars:
Nemelex Xobeh

Annotations:
D:2 Natasha


Innate Abilities, Weirdness & Mutations

You have razor-sharp teeth.
You have supernaturally acute eyesight. (SInv)
You can survive without breathing.


Message History

You hit the crimson imp but do no damage.
The crimson imp seems to speed up.
The crimson imp is heavily wounded.
You barely miss Natasha.
Unknown command.
The crimson imp hits you.
* * * LOW HITPOINT WARNING * * *
Natasha closely misses you. The crimson imp barely misses you.
Natasha claws you but does no damage.
The crimson imp blinks!
Natasha claws you.
* * * LOW HITPOINT WARNING * * *
The crimson imp hits you but does no damage.
Natasha barely misses you. Natasha closely misses you. Natasha claws you.
* * * LOW HITPOINT WARNING * * *
Natasha misses you. Natasha claws you.
You die...
Xom thinks this is hilarious!

#########################........
#########################..######
.................................
#################################
..# ######......[...............
..####......#..###....###########
.÷'.........+........>+.........#
..####......#..#.#....#########.#
..# ##......#...@#......<........
..###....##.#...h#.##.#.#######.#
####........#....#.##)#.# #.#
§...........+55..#.##.#.# #.#
####......5.#.##.#.##.#.# #.#
#.....)....#......##.#.# #.#
#.....####..5.#..###.#.#######.#
#.....# #....+......#.........#
#.....# #....#...##.###########


You could see Natasha and 2 crimson imps.

Vanquished Creatures
  An adder (D:2)
  A dart slug (D:1)
  6 bats
  A giant cockroach (D:1)
  6 goblins
  3 hobgoblins (D:2)
  3 frilled lizards
  5 kobolds
  3 rats (D:1)
29 creatures vanquished.

Notes
Turn   | Place    | Note
-------+----------+-------------------------------------------
     0 | D:1      | fili the Vampire Chaos Knight began the quest for the Orb.
     0 | D:1      | Reached XP level 1. HP: 17/17 MP: 1/1
   192 | D:1      | Reached skill level 1 in Stealth
   226 | D:1      | XOM: divination: detect items
   363 | D:1      | Reached XP level 2. HP: 20/23 MP: 2/2
   381 | D:1      | XOM: mild Necr miscast
   564 | D:1      | You fall through a shaft!
   744 | D:1      | XOM: harmless Pois miscast
   985 | D:2      | Reached XP level 3. HP: 18/29 MP: 3/3
  1001 | D:2      | XOM: silly message
  1098 | D:2      | XOM: noise
  1115 | D:2      | Found a sparkling altar of Nemelex Xobeh.
  1305 | D:2      | XOM: mild Pois miscast
  1436 | D:2      | Noticed Natasha
  1458 | D:2      | XOM: harmless Summ miscast
  1463 | D:2      | XOM: cleaving
  1475 | D:2      | HP: 1/29 [Natasha (4)]
  1478 | D:2      | Slain by Natasha

Skill      XL: |  1  2 |
---------------+-------+-----
Stealth        | 1 2 |  2.4
Fighting       | 3 |  3.1
Long Blades    | |  3.4
Armour         | |  0.7
Dodging        | |  2.6

Action                   || total
-------------------------++-------
Melee: Falchion          ||    62
       Bite              ||     5
 Fire: Hunting sling     ||     1
  Use: Potion            ||     7
 Stab: Sleeping          ||     4
       Paralysed         ||     1
Armor: Leather armour    ||    22
Dodge: Dodged            ||    42
       Rpst.: Falchion   ||    19
